 Dungeon Crawl Stone Soup version 0.19.1 (webtiles) character file.

3356 Jerry the Slasher (level 9, -2/67 HPs)
             Began as a Demigod Gladiator on Dec 27, 2016.
             Slain by a hill giant
             ... wielding a +0 giant spiked club
              (19 damage)
             ... on level 8 of the Dungeon.
             The game lasted 00:22:26 (8092 turns).

Jerry the Slasher (Demigod Gladiator)               Turns: 8092, Time: 00:22:27

Health: -2/67      AC: 17    Str: 20    XL:     9   Next: 45%
Magic:  0/11       EV: 19    Int: 12    God:
Gold:   353        SH:  0    Dex: 25    Spells: 0 memorised, 8 levels left

rFire  . . .     SeeInvis .     a - +1 long sword
rCold  + . .     Gourm    .     y - +0 chain mail
rNeg   + . .     Faith    .     (no shield)
rPois  .         Spirit   +     w - +2 hat
rElec  .         Reflect  .     l - +0 cloak
rCorr  .         Harm     .     (no gloves)
MR     .....                    s - +2 pair of boots
Stlth  ..........               z - amulet of guardian spirit
                                o - ring of protection from cold
                                H - ring of positive energy

@: agile, very slightly contaminated, invisible
A: high mp 1
a: no special abilities


You were on level 8 of the Dungeon.
You were near starving.

You visited 1 branch of the dungeon, and saw 8 of its levels.

You collected 353 gold pieces.

Inventory:

Hand Weapons
 a - a +1 long sword (weapon)
Armour
 l - a +0 cloak (worn)
 s - a +2 pair of boots (worn)
 w - a +2 hat (worn)
 y - a +0 chain mail (worn)
 B - a +0 buckler
 F - the cursed +1 leather armour of Tulips {+Fly rF+ MR++ rCorr}
   (You found it on level 5 of the Dungeon)

   It protects you from fire.
   It affects your resistance to hostile enchantments.
   It lets you fly.
   It protects you from acid and corrosion.
   It has a curse placed upon it.
Jewellery
 k - an uncursed ring of wizardry
 o - a ring of protection from cold (right hand)
 z - an amulet of guardian spirit (around neck)
 H - a ring of positive energy (left hand)
Wands
 e - a wand of lightning (0/15)
Scrolls
 g - 5 scrolls of teleportation
 q - a scroll of identify
 r - a scroll of recharging
 A - 2 scrolls of enchant weapon
 C - a scroll of remove curse
 D - a scroll of blinking
 E - 2 scrolls of magic mapping {unknown}
 L - a scroll of vulnerability {unknown}
Potions
 b - 2 potions of brilliance
 i - a potion of flight
 p - 2 potions of lignification
 v - a potion of mutation {unknown}
 x - a potion of degeneration {unknown}
Books
 G - a book of Conjurations

   Spells                             Type                      Level
   a - Magic Dart                     Conjuration                  1
   b - Searing Ray                    Conjuration                  2
   c - Dazzling Spray                 Conjuration/Hexes            3
   d - Fulminant Prism                Conjuration/Hexes            4
   e - Iskenderun's Mystic Blast      Conjuration                  4
   f - Iskenderun's Battlesphere      Conjuration/Charms           5
 J - a book of Callings

   Spells                             Type                      Level
   a - Summon Small Mammal            Summoning                    1
   b - Call Imp                       Summoning                    2
   c - Call Canine Familiar           Summoning                    3
   d - Summon Guardian Golem          Hexes/Summoning              3
   e - Summon Lightning Spire         Summoning/Air                4
   f - Summon Ice Beast               Ice/Summoning                4
Comestibles
 c - a royal jelly
 f - 4 bread rations
 h - 7 meat rations
 j - 2 beef jerkies
 t - 2 slices of pizza
 K - 4 fruits


   Skills:
 - Level 1.7 Fighting
 + Level 7.9 Long Blades
 - Level 1.7 Throwing
 + Level 7.2 Armour
 + Level 7.8 Dodging


You had 8 spell levels left.
You didn't know any spells.

Dungeon Overview and Level Annotations

Branches:
Dungeon (8/15)             Temple (0/1) D:4
   Lair: D:8-11

Shops:
D:4 =   D:6 :

Annotations:
D:5 Dowan
D:7 Dolanko's ghost, novice KoHu


Innate Abilities, Weirdness & Mutations

You have an increased reservoir of magic. (+10% MP)


Message History

The quokka completely misses you.
You closely miss the quokka. The quokka misses you.
You hit the quokka.
The quokka is lightly wounded.
You are near starving!
The quokka misses you.
Your chain mail prevents you from hitting the quokka.
The quokka is lightly wounded.
The quokka barely misses you.
You catch the helpless quokka completely off-guard!
You hit the quokka.
The quokka is almost dead.
The hill giant closely misses you.
You hit the hill giant but do no damage.
The hill giant is moderately wounded.
You catch the helpless hill giant completely off-guard!
You slash the hill giant!
The hill giant is moderately wounded.
The hill giant hits you with a giant spiked club!!
You die...

........... ... ....
#####.......# ##..###
### #......####.#
......
#....).)((.[###.#..##
#...(......)..(.#....
#
#......((.).(......#
#
#.......###.....##.#
#
#............#.....#
##
#......####..#@#####
##o #......# #..C)†#
###.#.J #......#
#..r..# .....5h
#......# #......
####..# #####.##
#.....## #. #.....# #
......# ##.#....


You could see a hill giant and a quokka.

Vanquished Creatures
  A two-headed ogre (D:8)
  The ghost of Lavla the Chopper, an amateur HuBe of Trog (D:4)
  Edmund (D:6)
  A water moccasin (D:6)
  Duvessa (D:5)
  An ice beast (D:6)
  2 orc warriors (D:8)
  A necrophage (D:6)
  A black bear (D:6)
  2 ogres
  A phantom (D:5)
  6 centaurs
  A bullfrog (D:8)
  2 scorpions
  5 killer bees (D:8)
  A wight (D:8)
  3 howler monkeys
  A crimson imp (D:6)
  2 bullfrog zombies
  A jelly (D:5)
  3 orc priests
  2 hounds
  2 centaur skeletons
  4 iguanas
  A bullfrog skeleton (D:4)
  Natasha (thrice) (D:4)
  2 orc wizards
  7 worker ants
  A worker ant zombie (D:6)
  8 adders
  2 shadow imps
  5 worms
  4 leopard geckos
  16 orcs
  4 giant cockroaches
  5 goblins
  2 hobgoblins
  9 jackals
  4 quokkas
  2 ball pythons
  6 bats
  A frilled lizard (D:2)
  A jackal skeleton (D:4)
  A jackal zombie (D:5)
  12 kobolds
  A leopard gecko zombie (D:6)
  5 rats
148 creatures vanquished.

Notes
Turn   | Place    | Note
-------+----------+-------------------------------------------
     0 | D:1      | Jerry the Demigod Gladiator began the quest for the Orb.
     0 | D:1      | Reached XP level 1. HP: 17/17 MP: 3/3
   248 | D:1      | Reached XP level 2. HP: 7/24 MP: 4/4
  1258 | D:2      | Reached skill level 1 in Armour
  1522 | D:2      | Reached XP level 3. HP: 29/29 MP: 5/5
  2203 | D:3      | Found a shattered altar of Ashenzari.
  2497 | D:3      | Reached XP level 4. HP: 36/36 MP: 6/6
  2624 | D:3      | Found a hazy altar of Hepliaklqana.
  2835 | D:3      | Found a sparkling altar of Nemelex Xobeh.
  3125 | D:4      | Noticed Natasha
  3137 | D:4      | Killed Natasha
  3191 | D:4      | Noticed Natasha
  3199 | D:4      | Killed Natasha
  3199 | D:4      | Reached XP level 5. HP: 29/41 MP: 7/7
  3322 | D:4      | Found a staircase to the Ecumenical Temple.
  3386 | D:4      | Noticed an ogre
  3395 | D:4      | Killed an ogre
  3410 | D:4      | Found Bouhy's Jewellery Shoppe.
  3415 | D:4      | Noticed Natasha
  3427 | D:4      | Killed Natasha
  3593 | D:4      | Reached XP level 6. HP: 44/48 MP: 8/8
  3641 | D:4      | Noticed Lavla's ghost (amateur HuBe)
  3654 | D:4      | Killed Lavla's ghost
  4040 | D:5      | Entered Level 5 of the Dungeon
  4146 | D:5      | Reached skill level 5 in Long Blades
  4146 | D:5      | Reached XP level 7. HP: 53/53 MP: 7/9
  4287 | D:4      | Reached skill level 5 in Dodging
  4628 | D:5      | Noticed Duvessa
  4628 | D:5      | Noticed Dowan
  4650 | D:5      | Killed Duvessa
  5340 | D:5      | Reached XP level 8. HP: 57/60 MP: 10/10
  5435 | D:5      | Got a twisted leather armour
  5436 | D:5      | Identified the cursed +1 leather armour of Tulips {+Fly rF+ MR++ rCorr} (You found it on level 5 of the Dungeon)
  5462 | D:6      | Reached skill level 5 in Armour
  6087 | D:6      | Noticed Edmund
  6111 | D:6      | Killed Edmund
  6126 | D:6      | Found Qanoic's Book Emporium.
  6580 | D:7      | Noticed Dolanko's ghost (novice KoHu)
  6594 | D:7      | HP: 1/60 [orc/mace (3)]
  6600 | D:7      | HP: 1/60 [poisoned by an adder]
  6840 | D:8      | Reached XP level 9. HP: 14/67 MP: 2/11
  6849 | D:8      | HP: 3/67 [iguana (6)]
  8069 | D:8      | Noticed a hill giant
  8092 | D:8      | Slain by a hill giant

Skill      XL: |  1  2  3  4  5  6  7  8  9 |
---------------+----------------------------+-----
Long Blades    | 3 4 5 7 |  7.9
Dodging        | 3 4 5 7 |  7.8
Armour         | 1 2 3 4 6 7 |  7.2
Fighting       | |  1.7
Throwing       | |  1.7

Action                   |  1- 3 |  4- 6 |  7- 9 || total
-------------------------+-------+-------+-------++-------
Melee: Long sword        |   130 |   150 |   489 ||   769
Throw: Throwing net      |       |       |     4 ||     4
Evoke: Wand              |       |       |     1 ||     1
  Use: Scroll            |       |    15 |     4 ||    19
       Potion            |       |     1 |     5 ||     6
 Stab: Sleeping          |     3 |       |       ||     3
       Distracted        |     1 |       |       ||     1
       Invisible         |       |       |     6 ||     6
       Held in net/web   |       |       |     2 ||     2
  Eat: Chunk             |     5 |     6 |    12 ||    23
Armor: Leather armour    |    33 |       |       ||    33
       Chain mail        |    26 |    94 |   278 ||   398
Dodge: Dodged            |   104 |    79 |   389 ||   572
       Rpst.: Long sword |    32 |    25 |   129 ||   186
